 Dungeon Crawl Stone Soup version 0.30-a0-49-g1cef19eb02 (webtiles) character file.

Game seed: 9414930373824175116

155488 Murumi the Peltast (level 18, -14/148 (154) HPs)
             Began as a Formicid Fighter on Aug 30, 2022.
             Was the Champion of Okawaru.
             Demolished by Vv (23 damage)
             ... in the Arena on Sept 2, 2022.
             The game lasted 02:25:39 (30686 turns).

Murumi the Peltast (Formicid Fighter)              Turns: 30686, Time: 02:25:43

HP:   -14/148 (154) AC: 41    Str: 24    XL:     18   Next: 27%
MP:   13/25         EV: 16    Int: 13    God:    Okawaru [******]
Gold: 3041          SH: 30    Dex: 13    Spells: 17/17 levels left

rFire   . . .      SeeInvis +    R - +1 great mace (chaos)
rCold   + . .      Faith    .    N - +7 tower shield of Okawaru's Castigation {Will++ Str+2 Int-2 Stlth+}
rNeg    . . .      Spirit   .    z - +15 Maxwell's patent armour {-Cast -Tele rElec Will+ rCorr}
rPois   .          Reflect  .    (helmet unavailable)
rElec   +          Harm     .    f - +2 cloak {Stlth+}
rCorr   +          Rampage  .    W - +0 pair of gloves
Will    +++++      NoCast   +    I - +0 pair of boots
Stlth   +++++.....               C - amulet of regeneration
HPRegen 1.14/turn                S - ring of Discretion {Ice rCorr}
MPRegen 0.19/turn                s - +4 ring of evasion

@: heroic, finesse-ful, studying 2 skills, lightly drained, duelling, unable to
read
A: permanent stasis, dig shafts and tunnels, antennae 3, four strong arms, claws
1, camouflage 1, fire resistance 1, strong-willed 1, inability to read after
injury 1
a: Dig, Renounce Religion, Heroism, Finesse, Duel


You were in the Arena.
You worshipped Okawaru.
Okawaru was exalted by your worship.
You visited 5 branches of the dungeon, and saw 25 of its levels.
You also visited: Sewer, Bailey, Ice Cave and Volcano.

You collected 3041 gold pieces.

Inventory:

Hand Weapons
 y - a +1 spectral giant spiked club
 R - a +1 great mace of chaos (weapon)
Missiles
 e - 7 curare-tipped darts
 k - 9 stones (quivered)
 n - 37 boomerangs
 r - 2 throwing nets
 w - 5 silver javelins
 G - 17 poisoned darts
 J - 6 datura-tipped darts
 O - 10 javelins
Armour
 f - a +2 cloak of stealth (worn)
 z - the +15 Maxwell's patent armour (worn) {-Cast -Tele rElec Will+ rCorr}
   (You acquired it on level 4 of the Dungeon)

   rElec:     It insulates you from electricity.
   -Cast:     It prevents spellcasting.
   -Tele:     It prevents most forms of teleportation.
   rCorr:     It protects you from acid and corrosion.
   Will:      It increases your willpower.
 I - a +0 pair of boots (worn)
 N - the +7 tower shield of Okawaru's Castigation (worn) {Will++ Str+2 Int-2 Stlth+}
   (Okawaru gifted it to you on level 12 of the Dungeon)

   Str:       It affects your strength (+2).
   Int:       It affects your intelligence (-2).
   Will:      It greatly increases your willpower.
   Stlth:     It makes you more stealthy.
 W - a +0 pair of gloves (worn)
Jewellery
 a - a ring of fire
 s - a +4 ring of evasion (right hand)
 A - a ring of magical power
 C - an amulet of regeneration (around neck)
 S - the ring of Discretion (left hand) {Ice rCorr}
   (You found it in an ice cave)

   [ring of ice]

   It enhances your ice magic.
   rF:        It makes you vulnerable to fire.
   rC:        It protects you from cold.
   rCorr:     It protects you from acid and corrosion.
 U - a ring of fire
Wands
 o - a wand of flame (48)
 v - a wand of paralysis (6)
 B - a wand of acid (15)
 E - a wand of iceblast (16)
 H - a wand of polymorph (26)
 P - a wand of digging (5)
Scrolls
 m - 6 scrolls of enchant armour
 p - 2 scrolls of poison
 q - 5 scrolls of amnesia
 x - 20 scrolls of identify
 M - 6 scrolls of fear
 Q - a scroll of silence
 T - a scroll of magic mapping
Potions
 b - 2 potions of attraction
 d - 4 potions of might
 g - 7 potions of flight
 h - 10 potions of mutation
 i - 5 potions of heal wounds
 l - 13 potions of curing
 t - a potion of cancellation
 u - 2 potions of brilliance
 D - 2 potions of ambrosia
 F - 3 potions of invisibility
 K - 4 potions of magic
 L - 4 potions of resistance
Miscellaneous
 c - a condenser vane
 j - a tin of tremorstones (2/2)
 V - a lightning rod (4/4)


   Skills:
 - Level 17.0(22.0) Fighting
 - Level 13.0(18.0) Maces & Flails
 - Level 7.0(12.0) Throwing
 - Level 15.0(20.0) Armour
 - Level 6.0(11.0) Dodging
 - Level 11.0(16.0) Stealth
 + Level 19.6(24.6) Shields
 - Level 10.0 Invocations
 - Level 9.0 Evocations


You had 17 spell levels left.
You didn't know any spells.
Your spell library contained the following spells:

 Spells                   Type           Power      Damage    Failure   Level
 Apportation              Tloc           0%         N/A       91%         1
 Necrotise                Necr           0%         1d4       91%         1
 Slow                     Hex            0%         N/A       91%         1
 Ensorcelled Hibernation  Hex/Ice        0%         N/A       97%         2
 Confusing Touch          Hex            0%         N/A       99%         3
 Dazzling Flash           Conj/Hex       0%         N/A       99%         3
 Lesser Beckoning         Tloc           0%         N/A       99%         3
 Portal Projectile        Hex/Tloc       0%         N/A       99%         3
 Stone Arrow              Conj/Erth      0%         3d7       99%         3
 Vampiric Draining        Necr           0%         2d6       99%         3
 Flame Wave               Conj/Fire      0%         2d4       100%        4
 Iskenderun's Mystic Bla  Conj/Tloc      0%         2d3       100%        4
 Agony                    Necr           0%         N/A       100%        5
 Alistair's Intoxication  Tmut/Pois      0%         N/A       100%        5
 Blade Hands              Tmut           0%         N/A       100%        5
 Borgnjor's Vile Clutch   Necr/Erth      0%         N/A       100%        5
 Fireball                 Conj/Fire      0%         3d3       100%        5
 Manifold Assault         Tloc           0%         N/A       100%        5
 Starburst                Conj/Fire      0%         6d3       100%        6
 Ignition                 Fire           0%         3d3       100%        8
 Shatter                  Erth           0%         3d5*      100%        9
 Blink                    Tloc           Unusable   N/A       N/A         2
 Tukima's Dance           Hex            Unusable   N/A       N/A         3

Dungeon Overview and Level Annotations

Branches:
Dungeon (15/15)            Temple (1/1) D:6            Lair (5/5) D:8
 Shoals (0/4) Lair:3        Snake (0/4) Lair:3        Slime (0/5) Lair:5
    Orc (2/2) D:12            Elf (0/3) Orc:2        Vaults (0/5) D:14
 Depths (2/4) D:15          Sewer (visited)          Bailey (visited)
  IceCv (visited)         Volcano (visited)

Altars:
Ashenzari
Cheibriados
Dithmenos
Elyvilon
Fedhas
Gozag
Hepliaklqana
Kikubaaqudgha
Makhleb
Nemelex Xobeh
Okawaru
Qazlal
Ru
Sif Muna
Trog
Uskayaw
Vehumet
Wu Jian
Xom
Yredelemnul
Zin
The Shining One
Jiyva

Shops:
Orc:2 ((!

Portals:
Hell: Depths:1
Trove: D:11 (give horn of Geryon)

Annotations:
Arena Vv


Innate Abilities, Weirdness & Mutations

You cannot be hasted, slowed, berserked, paralysed or teleported.
You can dig through walls and to a lower floor.
You have a pair of large antennae on your head. (SInv)
Your four strong arms can wield two-handed weapons with a shield.
You have sharp fingernails.
Your skin changes colour to match your surroundings (Stealth+).
Your flesh is heat resistant. (rF+)
You are strong-willed. (Will+)
You occasionally lose the ability to read scrolls when taking damage.


Message History

Vv is lightly damaged.
You block Vv's attack. x2
You hit Vv. You burn Vv.
Vv is lightly damaged.
You bludgeon Vv!! You freeze Vv.
Vv is lightly damaged.
You hit Vv.
Vv is lightly damaged.
Vv hits you.
* * * LOW HITPOINT WARNING * * *
Vv freezes you!! You resist.
* * * LOW HITPOINT WARNING * * *
You block Vv's attack.
You hit Vv.
Vv is lightly damaged.
You closely miss Vv.
Vv is lightly damaged.
Vv hits you but does no damage. You block Vv's attack.
You hit Vv but do no damage.
Vv is lightly damaged.
You sock Vv! You burn Vv.
Vv is lightly damaged.
You block Vv's attack. x2
You barely miss Vv.
Vv is lightly damaged.
You hit Vv but do no damage.
Vv resists with almost no effort.
Vv is lightly damaged.
You miss Vv.
Vv is lightly damaged.
You block Vv's attack. x2
You sock Vv! You burn Vv.
Vv is moderately damaged.
You hit Vv. You burn Vv.
Vv is moderately damaged.
Vv hits you!!
You feel threatened and lose the ability to read scrolls!
* * * LOW HITPOINT WARNING * * *
Vv freezes you!! You resist.
You die...
Okawaru crowns Vv victorious!

#########
##..▓▓▓..##
##.p▓▓.▓▓p.##
##.p▓▓...▓▓p.##
#.p▓▓.....▓▓p.#
#.▓▓.......▓▓.#
#.▓...9.....▓▓#
#▓....@....▓∩#
#p▓.........▓▓#
#.▓▓.......▓▓.#
#..▓▓.....▓▓p.#
##.p▓▓...▓▓p.##
##.p▓▓.▓▓p.##
##..▓▓▓..##
#########


You could see Vv (agile).

Vanquished Creatures
  A juggernaut (Depths:1)
  Nikola (Depths:1)
  A titan (Depths:1)
  2 acid blobs (Lair:5)
  A lich (Depths:1)
  Asterion (Depths:1)
  Gastronok (Lair:3)
  A rockslime (IceCv)
  5 fire giants (Depths:1)
  3 azure jellies (IceCv)
  4 frost giants (Depths:1)
  The ghost of confidenceinterval the Thaumaturge, a journeyman GnIE of Ashenzari (D:15)
  An orc warlord (Orc:1)
  4 stone giants (Depths:1)
  9 very ugly things
  5 quicksilver oozes (IceCv)
  A dire elephant (Lair:5)
  2 fire dragons (Depths:1)
  2 ettins
  The ghost of Fuumot the Fighter, a journeyman GrFi of the Shining One (Lair:4)
  8 hydras
  A rakshasa (Depths:1)
  5 boulder beetles
  8 vault guards (D:14)
  2 ice dragons
  5 centaur warriors
  A two-headed ogre (D:11)
  A catoblepas (Lair:5)
  10 tengu warriors
  A vampire mage (Depths:1)
  2 deep troll earth magi
  A deep troll shaman (Lair:5)
  6 death yaks
  A hell knight (Volcano)
  5 orc high priests
  A goliath frog (shapeshifter) (Depths:1)
  3 skeletal warriors (D:14)
  4 deep trolls
  A spriggan simulacrum (D:14)
  2 orange crystal statues (IceCv)
  A glowing orange brain (Depths:1)
  10 orc knights
  A salamander (Volcano)
  12 ugly things
  7 orc sorcerers
  2 manticores
  5 cyclopes
  A cyclops (shapeshifter) (Lair:3)
  23 elephants
  4 molten gargoyles (Volcano)
  4 black mambas
  A torpor snail (Lair:5)
  11 cane toads
  A cane toad (shapeshifter) (D:15)
  4 rime drakes
  8 gargoyles
  An unseen horror (D:12)
  A rime drake (shapeshifter) (D:15)
  13 komodo dragons
  3 efreet
  A yaktaur (D:15)
  A freezing wraith (D:14)
  4 polar bears
  A guardian mummy (D:11)
  4 tengu conjurers
  7 trolls
  A meliai (Volcano)
  24 slime creatures
  14 blink frogs
  A dream sheep (Lair:1)
  A snapping turtle (Lair:3)
  9 wyverns
  4 wraiths
  2 spriggans (Lair:1)
  A dire elephant simulacrum (D:14)
  3 fire bats (Lair:5)
  38 yaks
  6 basilisks
  12 vampire mosquitoes
  2 steam dragons
  A harpy simulacrum (D:14)
  3 minotaur simulacra (D:14)
  4 wargs
  4 acid dragons
  13 water moccasins
  A hydra simulacrum (Lair:4)
  An alligator simulacrum (D:14)
  2 ice beasts
  7 black bears
  43 orc warriors
  A sky beast (D:5)
  4 black mamba simulacra (Lair:4)
  8 ogres
  14 wolves
  3 great orb of eyes simulacra (IceCv)
  5 centaurs
  6 slime creature simulacra (IceCv)
  3 kobold brigands
  8 bullfrogs
  A gnoll sergeant (D:12)
  A necrophage (D:6)
  A cane toad simulacrum (Lair:4)
  A glowing shapeshifter simulacrum (IceCv)
  5 scorpions
  A deep troll simulacrum (D:14)
  8 wights
  5 electric eels
  3 howler monkeys
  A komodo dragon simulacrum (Lair:4)
  2 hounds (D:6)
  4 jellies
  15 orc priests
  Jessica (D:2)
  4 iguanas (D:6)
  22 orc wizards
  11 gnolls
  17 adders
  4 river rats (Sewer)
  2 white imps
  An ufetubus (D:5)
  A worm (D:3)
  6 dart slugs
  89 orcs
  7 endoplasms
  6 giant cockroaches
  22 goblins
  15 hobgoblins
  9 jackals
  13 kobolds
  10 quokkas
  14 ball pythons
  19 bats
  9 frilled lizards
  6 rats
  A spectral orc (D:10)
832 creatures vanquished.

Vanquished Creatures (others)
  An ice dragon (Depths:1)
  A howler monkey (D:4)
  15 fungi
  81 plants
  2 withered plants (D:15)
100 creatures vanquished.

Grand Total: 932 creatures vanquished

Notes
Turn   | Place    | Note
-------+----------+-------------------------------------------
     0 | D:1      | Murumi the Formicid Fighter began the quest for the Orb.
     0 | D:1      | Reached XP level 1. HP: 18/18 MP: 1/1
   216 | D:1      | Reached XP level 2. HP: 23/25 MP: 2/2
   576 | D:1      | Reached XP level 3. HP: 30/30 MP: 3/3
   916 | D:1      | Reached skill level 1 in Stealth
  1334 | D:2      | Reached skill level 1 in Throwing
  1334 | D:2      | Reached XP level 4. HP: 37/37 MP: 4/4
  1351 | D:2      | Reached skill level 1 in Dodging
  1786 | D:2      | Noticed Jessica
  1794 | D:2      | Killed Jessica
  1795 | D:2      | Reached XP level 5. HP: 23/42 MP: 5/5
  2671 | D:3      | Found a glowing drain.
  2697 | Sewer    | Entered a sewer
  2711 | Sewer    | Reached skill level 5 in Shields
  2961 | Sewer    | Reached skill level 1 in Evocations
  3128 | Sewer    | Reached XP level 6. HP: 41/48 MP: 6/6
  3934 | D:3      | Reached skill level 6 in Shields
  4230 | D:3      | Found a white marble altar of Elyvilon.
  4579 | D:3      | Found an iron altar of Okawaru.
  4583 | D:3      | Became a worshipper of Warmaster Okawaru
  4589 | D:3      | Found a stormy altar of Qazlal.
  4603 | D:3      | Found a blossoming altar of Fedhas.
  4612 | D:3      | Found a burning altar of Makhleb.
  5001 | D:4      | Found a shimmering altar of Xom.
  5012 | D:4      | Reached skill level 1 in Invocations
  5016 | D:4      | Reached XP level 7. HP: 29/54 MP: 6/8
  5264 | D:4      | Found an opulent altar of Gozag.
  5788 | D:4      | Reached skill level 5 in Fighting
  6186 | D:4      | Identified a scroll of acquirement
  6186 | D:4      | Acquired the +15 Maxwell's patent armour {-Cast -Tele rElec
                  | Will+ rCorr}
  6186 | D:4      | Found the +15 Maxwell's patent armour {-Cast -Tele rElec
                  | Will+ rCorr}
  6456 | D:5      | Entered Level 5 of the Dungeon
  6491 | D:5      | Reached skill level 5 in Armour
  6491 | D:5      | Reached XP level 8. HP: 60/62 MP: 9/9
  6502 | D:5      | Reached * piety under Okawaru
  7270 | D:5      | Reached skill level 7 in Shields
  7371 | D:5      | Reached skill level 8 in Shields
  7859 | D:6      | Found a staircase to the Ecumenical Temple.
  7869 | Temple   | Entered the Ecumenical Temple
  8286 | D:6      | Identified the +0 robe of the Wonderful God {SInv}
  8317 | D:6      | Found a shimmering blue altar of Sif Muna.
  8425 | D:6      | Found an ornate altar of the Wu Jian Council.
  8664 | D:6      | Reached skill level 5 in Maces & Flails
  8664 | D:6      | Reached XP level 9. HP: 56/68 MP: 11/11
  9436 | D:7      | Reached ** piety under Okawaru
  9437 | D:7      | Reached skill level 9 in Shields
 10137 | D:8      | Found a glowing golden altar of the Shining One.
 10191 | D:8      | Reached XP level 10. HP: 79/79 MP: 13/13
 10375 | D:8      | Noticed an elephant
 10387 | D:8      | Reached *** piety under Okawaru
 10401 | D:8      | Reached skill level 5 in Stealth
 10456 | D:8      | Killed an elephant
 10457 | D:8      | Reached skill level 10 in Shields
 10649 | D:8      | Found a staircase to the Lair.
 10987 | D:8      | Found a hide-covered altar of Uskayaw.
 11023 | D:8      | Found a sparkling altar of Nemelex Xobeh.
 11252 | D:9      | Reached **** piety under Okawaru
 11293 | D:9      | Received a gift from Okawaru
 11438 | D:9      | Found a flagged portal.
 11466 | Bailey   | Entered a bailey
 11516 | Bailey   | Reached XP level 11. HP: 78/86 MP: 14/14
 11564 | Bailey   | Reached skill level 5 in Invocations
 11773 | Bailey   | Noticed an orc knight
 11789 | Bailey   | Killed an orc knight
 11790 | Bailey   | Reached skill level 11 in Shields
 11796 | Bailey   | Noticed an orc high priest
 11817 | Bailey   | Gained mutation: You do not regenerate when monsters are
                  | visible. [a neqoxec]
 11821 | Bailey   | Noticed a soul eater
 11822 | Bailey   | Killed an orc high priest
 11822 | Bailey   | Reached ***** piety under Okawaru
 11824 | Bailey   | Lost mutation: You do not regenerate when monsters are
                  | visible. [potion of mutation]
 11824 | Bailey   | Gained mutation: You occasionally lose the ability to read
                  | scrolls when taking damage. [potion of mutation]
 11824 | Bailey   | Gained mutation: You are strong-willed. (Will+) [potion of
                  | mutation]
 11824 | Bailey   | Gained mutation: Your mind is acute. (Int +4, Str/Dex -1)
                  | [potion of mutation]
 11856 | Bailey   | Found an iron altar of Okawaru.
 11870 | Bailey   | Noticed an orc sorcerer
 11887 | Bailey   | Killed an orc sorcerer
 11965 | Bailey   | Got Hoehi's Compendium of the Enthralling Coals
 12084 | Bailey   | Acquired a manual of Fighting
 12128 | Bailey   | Noticed an orc knight
 12149 | Bailey   | Killed an orc knight
 12274 | Bailey   | Noticed an orc knight
 12324 | Bailey   | Killed an orc knight
 12324 | Bailey   | Received a gift from Okawaru
 12475 | D:9      | Reached skill level 10 in Fighting
 12618 | D:9      | Received a gift from Okawaru
 13035 | D:9      | Found a snail-covered altar of Cheibriados.
 13099 | D:10     | Entered Level 10 of the Dungeon
 13408 | D:10     | Found a basalt altar of Yredelemnul.
 13591 | D:10     | Received a gift from Okawaru
 13592 | D:10     | Reached XP level 12. HP: 101/102 MP: 15/15
 14101 | D:11     | Found a portal to a secret trove of treasure.
 14438 | D:11     | Noticed a two-headed ogre
 14450 | D:11     | Killed a two-headed ogre
 14451 | D:11     | Reached skill level 15 in Fighting
 14802 | D:12     | Identified the +7 tower shield of Okawaru's Castigation
                  | {Will++ Str+2 Int-2 Stlth+} (Okawaru gifted it to you on
                  | level 12 of the Dungeon)
 14802 | D:12     | Received a gift from Okawaru
 15018 | D:12     | Reached skill level 12 in Shields
 15333 | D:12     | Found a staircase to the Orcish Mines.
 15573 | D:13     | Noticed a centaur warrior
 15596 | D:13     | Killed a centaur warrior
 15926 | D:13     | Noticed a boulder beetle
 15944 | D:13     | Killed a boulder beetle
 16020 | D:13     | Noticed a seven-headed hydra
 16029 | D:13     | Killed a seven-headed hydra
 16319 | D:14     | Noticed a tengu warrior
 16327 | D:13     | Killed a tengu warrior
 16328 | D:13     | Reached XP level 13. HP: 117/117 MP: 17/17
 16346 | D:14     | Noticed a boulder beetle
 16357 | D:13     | Reached skill level 5 in Evocations
 16426 | D:14     | Killed a boulder beetle
 16472 | D:14     | Noticed a seven-headed hydra
 16479 | D:14     | Killed a seven-headed hydra
 16499 | D:14     | Noticed a boulder beetle
 16501 | D:14     | Found a frozen archway.
 16575 | D:14     | Killed a boulder beetle
 16575 | D:14     | Identified the +8 morningstar "Uxtocy" {antimagic, rF- rN+
                  | Int+5 Dex-3} (Okawaru gifted it to you on level 14 of the
                  | Dungeon)
 16575 | D:14     | Received a gift from Okawaru
 16584 | IceCv    | Entered an ice cave
 16608 | IceCv    | Noticed a quicksilver ooze
 16614 | IceCv    | Killed a quicksilver ooze
 16615 | IceCv    | Reached skill level 10 in Armour
 16670 | IceCv    | Noticed a quicksilver ooze
 16696 | IceCv    | Killed a quicksilver ooze
 16785 | IceCv    | Noticed a quicksilver ooze
 16793 | IceCv    | Killed a quicksilver ooze
 16794 | IceCv    | Reached skill level 13 in Shields
 17170 | IceCv    | Received a gift from Okawaru
 17425 | IceCv    | Noticed a quicksilver ooze
 17427 | IceCv    | Noticed a quicksilver ooze
 17527 | IceCv    | Noticed a quicksilver ooze
 17527 | IceCv    | Noticed a quicksilver ooze
 17535 | IceCv    | Killed a quicksilver ooze
 17535 | IceCv    | Received a gift from Okawaru
 17550 | IceCv    | Killed a quicksilver ooze
 17661 | IceCv    | Noticed a rockslime
 17667 | IceCv    | Noticed an azure jelly
 17672 | IceCv    | Killed a rockslime
 17673 | IceCv    | Reached XP level 14. HP: 99/128 MP: 16/18
 17681 | IceCv    | Killed an azure jelly
 17682 | IceCv    | Reached skill level 14 in Shields
 17703 | IceCv    | Found a viscous altar of Jiyva.
 17707 | IceCv    | Noticed an azure jelly
 17707 | IceCv    | Noticed an azure jelly
 17739 | IceCv    | Killed an azure jelly
 17753 | IceCv    | Killed an azure jelly
 17837 | IceCv    | Identified the amulet of Lies {Acrobat rF+}
 17839 | IceCv    | Identified the +0 scale mail of Shadows and Fog {rPois rC+}
 17841 | IceCv    | Got the ring of Discretion {Ice rCorr}
 18310 | D:14     | Reached ****** piety under Okawaru
 18323 | D:14     | Identified the +7 mace of the Many Bones {protect, rF++
                  | Will+ MP+9} (Okawaru gifted it to you on level 14 of the
                  | Dungeon)
 18323 | D:14     | Received a gift from Okawaru
 18324 | D:14     | Reached skill level 5 in Throwing
 18335 | D:14     | Found a gate to the Vaults.
 18903 | D:14     | Reached skill level 10 in Maces & Flails
 18909 | D:14     | Received a gift from Okawaru
 18998 | D:15     | Entered Level 15 of the Dungeon
 19226 | D:15     | Found a runed translucent door.
 19228 | D:15     | Noticed confidenceinterval's ghost (journeyman GnIE)
 19230 | D:15     | Found the +9 sword of Zonguldrok {reap}
 19426 | D:15     | Reached skill level 15 in Shields
 19642 | D:15     | Reached XP level 15. HP: 134/134 MP: 20/20
 19670 | D:15     | Identified the +0 flail of Inquiry {spect, Fly Will- Str+2
                  | Dex+2} (Okawaru gifted it to you on level 15 of the
                  | Dungeon)
 19670 | D:15     | Received a gift from Okawaru
 19809 | D:15     | Found a staircase to the Depths.
 20217 | D:15     | Reached skill level 16 in Shields
 20374 | D:15     | Killed confidenceinterval's ghost
 20497 | Orc:1    | Entered Level 1 of the Orcish Mines
 20592 | D:12     | Reached skill level 5 in Dodging
 20671 | Orc:1    | Gained mutation: You are clumsy. (Dex -2) [a neqoxec]
 20692 | Orc:1    | Received a gift from Okawaru
 20880 | Orc:1    | Lost mutation: Your mind is acute. (Int +4, Str/Dex -1)
                  | [potion of mutation]
 20880 | Orc:1    | Lost mutation: You are clumsy. (Dex -2) [potion of
                  | mutation]
 20880 | Orc:1    | Lost mutation: You are strong-willed. (Will+) [potion of
                  | mutation]
 20880 | Orc:1    | Gained mutation: Your flesh is heat resistant. (rF+)
                  | [potion of mutation]
 20880 | Orc:1    | Gained mutation: Your skin changes colour to match your
                  | surroundings (Stealth+). [potion of mutation]
 20880 | Orc:1    | Gained mutation: You have sharp fingernails. [potion of
                  | mutation]
 20880 | Orc:1    | Gained mutation: You are strong-willed. (Will+) [potion of
                  | mutation]
 21015 | Orc:1    | Noticed an orc warlord
 21068 | Orc:1    | Killed an orc warlord
 21233 | Orc:2    | Entered Level 2 of the Orcish Mines
 21310 | Orc:1    | Received a gift from Okawaru
 21558 | Orc:2    | Found a staircase to the Elven Halls.
 21959 | Orc:2    | Received a gift from Okawaru
 22206 | Orc:2    | Found Nireuz's Weapon Boutique.
 22206 | Orc:2    | Found Cenukh's Magic Scroll Emporium.
 22208 | Orc:2    | Found Kudu Baf's Weapon Boutique.
 22208 | Orc:2    | Found Jenul's Distillery.
 22615 | Lair:1   | Entered Level 1 of the Lair of Beasts
 22712 | Lair:1   | Reached skill level 17 in Shields
 22950 | Lair:1   | Reached XP level 16. HP: 141/141 MP: 22/22
 23811 | Lair:2   | Identified the +8 battleaxe "Rodghey" {antimagic, rElec
                  | Str+6 Stlth+}
 23937 | Lair:2   | Reached skill level 10 in Stealth
 24736 | Lair:3   | Noticed Gastronok
 24779 | Lair:3   | Killed Gastronok
 24890 | Lair:3   | Found a staircase to the Snake Pit.
 24973 | Lair:3   | Got Dispater's Handbook of Earth
 25131 | Lair:3   | Reached skill level 18 in Shields
 25332 | Lair:3   | Received a gift from Okawaru
 25372 | Lair:3   | Found a staircase to the Shoals.
 25675 | Lair:4   | Received a gift from Okawaru
 25691 | Lair:4   | Found a runed translucent gate.
 25691 | Lair:4   | Found a runed translucent gate.
 25691 | Lair:4   | Found a runed translucent gate.
 25944 | Lair:4   | Noticed Fuumot's ghost (journeyman GrFi)
 26572 | Lair:4   | Killed Fuumot's ghost
 26651 | Lair:4   | Upgraded the game from 0.30-a0-42-g806c11bf1d to
                  | 0.30-a0-49-g1cef19eb02
 26675 | Lair:5   | Entered Level 5 of the Lair of Beasts
 26725 | Lair:5   | Found a dark tunnel.
 26759 | Volcano  | Entered a volcano
 26891 | Volcano  | Received a gift from Okawaru
 26936 | Volcano  | Noticed an orb of fire
 26974 | Volcano  | Noticed an orb of fire
 27197 | Lair:5   | Identified the +0 ring mail of the Lobster {Rampage rF+}
                  | (Okawaru gifted it to you on level 5 of the Lair of Beasts)
 27197 | Lair:5   | Received a gift from Okawaru
 27202 | Lair:5   | Reached XP level 17. HP: 139/147 MP: 23/23
 27315 | Lair:5   | Found a viscous altar of Jiyva.
 27321 | Lair:5   | Found a runed translucent door.
 27370 | Lair:5   | Found a staircase to the Slime Pits.
 27370 | Lair:5   | Noticed an acid blob
 27370 | Lair:5   | Noticed an acid blob
 27391 | Lair:5   | Acquired a manual of Spellcasting
 28049 | Lair:5   | Identified the +2 whip of the Distant Future {vorpal, rC+
                  | Will+ Str+2}
 28320 | Lair:5   | Killed an acid blob
 28327 | Lair:5   | Killed an acid blob
 28686 | Depths:1 | Entered Level 1 of the Depths
 28763 | Depths:1 | Identified the ring "Noedgha" {Wiz SInv Stlth+}
 28825 | Arena    | Entered the Arena
 28859 | Depths:1 | Reached skill level 19 in Shields
 28939 | Depths:1 | Noticed Nikola
 28968 | Depths:1 | Killed Nikola
 28969 | Depths:1 | Reached skill level 10 in Invocations
 29078 | Depths:1 | Found a gateway to Hell.
 29213 | Depths:1 | Received a gift from Okawaru
 29338 | Depths:1 | Found a runed translucent door.
 29394 | Depths:1 | Noticed a juggernaut
 29412 | Depths:1 | Killed a juggernaut
 29540 | Depths:1 | Identified the +0 plate armour of Mezcal {Rampage Slay+2}
                  | (Okawaru gifted it to you on level 1 of the Depths)
 29540 | Depths:1 | Received a gift from Okawaru
 29601 | Depths:1 | Identified the +3 leather armour "Yczesew" {rF+ rN+}
 29808 | Depths:1 | Noticed a lich
 29829 | Depths:1 | Killed a lich
 29830 | Depths:1 | Reached XP level 18. HP: 149/154 MP: 25/25
 30006 | Depths:1 | Reached skill level 15 in Armour
 30259 | Depths:1 | Noticed a titan
 30271 | Depths:1 | Killed a titan
 30533 | Depths:2 | Noticed Asterion
 30561 | Depths:1 | Killed Asterion
 30651 | Depths:2 | Noticed Vv
 30666 | Arena    | Entered the Arena
 30686 | Arena    | Demolished by Vv

Illustrated notes

Levels and vault maps discovered:
D:1:      dpeg_arrival_renting, layout_loops_ring
D:2:      layout_basic, serial_forest, infiniplex_forest_lined_4_way,
          infiniplex_forest_straight_5, infiniplex_forest_end_1,
          infiniplex_forest_lined_room_, infiniplex_forest_lined_room_,
          infiniplex_forest_straight_2, infiniplex_forest_clump_curved,
          infiniplex_forest_clump_double, infiniplex_forest_clump_cross,
          uniq_jessica
D:3:      layout_loops_cross, lemuel_doored_altar,
          grunt_temple_overflow_cloverleaf, gup_sewer_entry_pipe
D:4:      layout_basic, xom_confusion_cloud, kennysheep_mini_moat
D:5:      layout_loops_ring
D:6:      minmay_razor_zed, layout_loops_cross, mainiacjoe_overflow_paths,
          nzn_wu_jian_contemplation, minmay_temple_entry_junction_2
D:7:      layout_rooms, nicolae_concentric_dashed_squares_mild
D:8:      layout_rooms, nicolae_uskayaw_dance_studio, tso_metal_star,
          nemelex_spade_bored_becter, david_lair_generic,
          serial_co_window_serial, co_window_paths_b, co_window_paths_b,
          co_window_cross_1, co_window_corner_a, co_window_of_opportunity_a,
          co_window_corner_b, co_window_broadway_b, co_window_corner_b,
          co_window_paths_c, co_window_corner_b, co_window_corner_b
D:9:      cheibrodos_statue_roulette, layout_irregular_city,
          mainiacjoe_overflow_small_starburst, enter_bailey_4
D:10:     layout_grid_maze, yredelemnul_forgotten_temple_becter
D:11:     layout_big_octagon, nicolae_trove_entry_path_of_doom
D:12:     layout_long_grid, hiddenorc1_lemuel
D:13:     layout_irregular_city
D:14:     layout_loops_corners, erik_vaults_2, solitary_fountain,
          portal_ice_cave_entry_ice_simulacra
D:15:     hangedman_depths_entry_civil_slaughter, layout_gridville,
          nicolae_cairo_tiling, gammafunk_ghost_grave,
          dreamdust_mushroom_princess, minmay_diced_spiral
Temple:   nicolae_temple_ecumenical_triangle
Lair:1:   wad_woods_tower, layout_regular_city, serial_bayou_shore_a,
          grunt_megastairs_5
Lair:2:   layout_cave_pods, chequers_serial_rivers_micro_a, hibernation_bobbens
Lair:3:   beast_lair_carwin_large_2, layout_small_grid, minmay_shoals_entry_hut,
          dummy_snake_entry, gammafunk_lair_bear_cave, uniq_gastronok
Lair:4:   layout_roguey, gammafunk_ghost_icy
Lair:5:   grunt_lair_end_beastmaster, layout_misc_corridors, slime_entry_2,
          nicolae_volcano_entry_batcave, hangedman_lair_unloving_vines,
          serial_bayou_pond_e, grunt_megastairs_1
Orc:1:    layout_caves, basic_altar, roderic_batcave
Orc:2:    grunt_orc_tribal_feast, layout_caves
Depths:1: layout_honeycomb, minmay_stone_trees_small, hell_entry,
          lightli_giant_bouncers, uniq_nikola
Depths:2: kennysheep_big_flooded_room, layout_long_grid, minmay_misc_feat_iff,
          grunt_hell_entry_dis_grunt, rand_demon_pan_entry_7, serial_shops,
          kennysheep_little_box, serial_bayou_shore_b, uniq_vv, uniq_asterion,
          uniq_sojobo
Arena

Skill      XL: |  1  2  3  4  5  6  7  8  9 10 11 12 13 14 15 16 17 18 |
---------------+-------------------------------------------------------+-----
Fighting       | 4 5 7 8 12 16 17 | 17.0
Armour         | 4 5 7 8 9 10 11 12 14 15 | 15.0
Stealth        | 1 2 3 4 5 6 7 8 9 10 11 | 11.0
Throwing       | 1 2 3 4 5 6 7 |  7.0
Dodging        | 1 2 3 4 5 6 |  6.0
Maces & Flails | 3 4 5 7 8 9 10 11 12 13 | 13.0
Shields        | 5 6 8 9 10 11 12 13 15 17 18 19 | 19.6
Evocations     | 1 2 3 4 5 6 7 8 9 |  9.0
Invocations    | 2 3 4 5 6 7 8 9 10 | 10.0

Action                   |  1- 3 |  4- 6 |  7- 9 | 10-12 | 13-15 | 16-18 || total
-------------------------+-------+-------+-------+-------+-------+-------++-------
Melee: Flail             |    93 |   316 |   487 |   654 |       |       ||  1550
       Dire flail        |       |       |       |   327 |  1761 |       ||  2088
       Great mace        |       |       |       |       |       |  1285 ||  1285
Throw: Stone             |       |       |       |    88 |    56 |    25 ||   169
       Dart              |       |       |       |    16 |       |     5 ||    21
       Boomerang         |       |       |       |     8 |    32 |     3 ||    43
       Javelin           |       |       |       |       |     5 |       ||     5
Invok: Heroism           |       |       |     1 |     6 |    12 |     5 ||    24
       Finesse           |       |       |       |       |     1 |     2 ||     3
       Duel              |       |       |       |       |       |     2 ||     2
 Abil: Dig               |       |     1 |     1 |     3 |     7 |    11 ||    23
Evoke: Wand              |       |       |       |       |     1 |       ||     1
  Use: Scroll            |     4 |     6 |    11 |     9 |     1 |     6 ||    37
       Potion            |       |     2 |       |     1 |     2 |       ||     5
 Stab: Sleeping          |       |       |       |       |     1 |     7 ||     8
       Distracted        |       |       |       |       |     1 |     1 ||     2
       Confused          |       |       |       |       |       |     3 ||     3
       Petrifying        |       |       |       |       |       |     1 ||     1
       Paralysed         |       |       |       |       |       |     4 ||     4
Armor: Scale mail        |    37 |   166 |       |       |       |       ||   203
       Plate armour      |       |    22 |   253 |   579 |   518 |   392 ||  1764
Dodge: Dodged            |    33 |   160 |   163 |   390 |   294 |   282 ||  1322
Block: Buckler           |    22 |   133 |   125 |   311 |       |       ||   591
       Tower shield      |       |       |       |   218 |  1792 |  1459 ||  3469

Table legend: (Time is in decaauts)
 A = Elapsed time spent in this place.
 B = Non-inter-level travel time spent in this place.
 C = Inter-level travel time spent in this place.
 D = Time resting spent in this place.
 E = Time spent auto-exploring this place.
 F = Levels seen in this place.
 G = Mean time per level.
                   A        B        C        D        E       F      G
               +--------+--------+--------+--------+--------+-----+--------+
         Total |  31323 |  29028 |   2295 |    677 |  19384 |  31 | 1010.4 |
       Dungeon |  17696 |  16084 |   1612 |    542 |  11439 |  15 | 1179.7 |
        Temple |     43 |     26 |     17 |      0 |     19 |   1 |   43.0 |
          Lair |   5738 |   5378 |    360 |      5 |   3640 |   5 | 1147.6 |
  Orcish Mines |   1798 |   1648 |    150 |     41 |    892 |   2 |  899.0 |
        Depths |   1980 |   1826 |    154 |      1 |   1167 |   2 |  990.0 |
         Sewer |   1354 |   1354 |      0 |      0 |    958 |   1 | 1354.0 |
        Bailey |    964 |    964 |      0 |      0 |    513 |   1 |  964.0 |
      Ice Cave |   1326 |   1326 |      0 |     72 |    594 |   1 | 1326.0 |
       Volcano |    397 |    397 |      0 |     14 |    161 |   1 |  397.0 |
         Arena |     22 |     22 |      0 |      0 |      0 |   2 |   11.0 |
               +--------+--------+--------+--------+--------+-----+--------+

Top non-repeatable levels by time:
Depths:1: 1897 daAuts
     D:6: 1540 daAuts
     D:4: 1531 daAuts
  Lair:5: 1469 daAuts
     D:2: 1409 daAuts
     D:5: 1395 daAuts
    D:15: 1381 daAuts
   Sewer: 1354 daAuts
   IceCv: 1326 daAuts
    D:14: 1322 daAuts
     D:3: 1260 daAuts
     D:1: 1254 daAuts
     D:8: 1173 daAuts
  Lair:4: 1170 daAuts
     D:9: 1135 daAuts
